 Dungeon Crawl Stone Soup version 0.28-a0-915-gcd63401287 (webtiles) character file.

Game seed: 7957502843161089048

163 kae the Insei (level 5, -6/42 HPs)
             Began as a Draconian Transmuter on Nov 25, 2021.
             Mangled by Sigmund (12 damage)
             ... on level 3 of the Dungeon.
             The game lasted 00:02:42 (3499 turns).

kae the Insei (Draconian Transmuter)                Turns: 3499, Time: 00:02:43

Health: -6/42      AC:  5    Str: 12    XL:     5   Next: 20%
Magic:  8/8        EV: 12    Int: 14    God:
Gold:   152        SH:  0    Dex: 12    Spells: 5/9 levels left

rFire   . . .      SeeInvis .     - Unarmed
rCold   . . .      Faith    .   (no shield)
rNeg    . . .      Spirit   .   (armour unavailable)
rPois   .          Reflect  .   (helmet restricted)
rElec   .          Harm     .   (no cloak)
rCorr   .          Rampage  .   (no gloves)
Will    .....                   (no boots)
Stlth   +.........              (no amulet)
HPRegen 0.14/turn               (no ring)
MPRegen 0.11/turn               (no ring)

@: confused, brilliant
A: AC +5, unfitting armour, cold-blooded
a: no special abilities


You were on level 3 of the Dungeon.
You visited 1 branch of the dungeon, and saw 3 of its levels.

You collected 152 gold pieces.

Inventory:

Potions
 a - a potion of might
 b - a potion of degeneration
 c - a potion of attraction
 e - 2 potions of heal wounds
 f - a potion of berserk rage {unknown}


   Skills:
 + Level 2.3 Fighting
 + Level 2.5 Dodging
 + Level 3.6 Unarmed Combat
 + Level 2.6 Spellcasting
 + Level 2.9 Transmutations
 * Level 1.7 Poison Magic


You had 5 spell levels left.
You knew the following spells:

 Your Spells              Type           Power      Damage    Failure   Level
a - Beastly Appendage     Tmut           28%        N/A       7%          1
b - Spider Form           Tmut/Pois      12%        N/A       26%         3

Your spell library contained the following spells:

 Spells                   Type           Power      Damage    Failure   Level
 Wereblood                Tmut           14%        N/A       11%         2
 Ice Form                 Ice/Tmut       8%         N/A       77%         4


Dungeon Overview and Level Annotations

Branches:
Dungeon (3/15)

Altars:

Annotations:
D:2 1 runed translucent door, Crazy Yiuf
D:3 1 runed translucent door, Sigmund; vurker's ghost, amateur OpAE


Innate Abilities, Weirdness & Mutations

Your plain brown scales are hard. (AC +5)
You cannot fit into any form of body armour.
You are cold-blooded and may be slowed by cold attacks.


Message History

A giant cockroach comes into view.
Sigmund casts a spell at you.
You are more confused.
The orc priest moves out of view.
Sigmund gestures at you while chanting. You resist with some effort.
You're too confused to move!
Sigmund hits you with a +0 scythe. Sigmund gestures at you while chanting.
You are more confused.
The hobgoblin hits you with a +0 dagger.
You bump into the rock wall.
The hobgoblin hits you with a +0 dagger.
You bump into the rock wall.
Sigmund casts a spell at you. You resist with some effort.
The hobgoblin hits you with a +0 dagger.
You bump into the rock wall.
Sigmund looks at you with fury. Sigmund closely misses you.
The hobgoblin barely misses you.
You bump into the rock wall.
Sigmund closely misses you.
The hobgoblin hits you but does no damage.
You bump into the rock wall.
The hobgoblin hits you with a +0 dagger.
You hit the hobgoblin.
Your tail-slap misses the hobgoblin.
The hobgoblin is almost dead.
Sigmund misses you.
The hobgoblin hits you with a +0 dagger.
You bump into the rock wall.
Sigmund mumbles some strange words.
Sigmund flickers and vanishes!
Deactivating autopickup; reactivate with Ctrl-A.
The hobgoblin hits you with a +0 dagger.
You bump into the rock wall.
Something hits you!
* * * LOW HITPOINT WARNING * * *
The hobgoblin closely misses you.
You're too confused to move!
The hobgoblin hits you with a +0 dagger.
* * * LOW HITPOINT WARNING * * *
You bump into the rock wall.
Something hits you!
You die...

######## # ..... #......#
....... #.####.# ..... #.#
#.####### ..... #.#
#.......## #.#.# #.#
#......... #### #.#.# #.#
#........#
.....#.#B####.#######.....#
........{g@......# ##.....
....#..########.# #..... .
#..# ###### ###### #...
##...## ##... #.#.# #<(♣..#
#..♣.> #. ..
##....##+##)...# #. #.#
#####.....##### #. .#
#.#.♣.#.# # #. .. #.#...#.#


You could see a giant cockroach and a hobgoblin.

Vanquished Creatures
  A jelly (D:2)
  Robin (D:1)
  3 adders
  A worm (D:3)
  4 dart slugs
  6 ball pythons
  6 endoplasms
  16 goblins
  5 hobgoblins
  3 jackals
  7 kobolds
  4 quokkas
  9 bats
  4 frilled lizards
  7 rats
77 creatures vanquished.

Notes
Turn   | Place    | Note
-------+----------+-------------------------------------------
     0 | D:1      | kae the Draconian Transmuter began the quest for the Orb.
     0 | D:1      | Reached XP level 1. HP: 16/16 MP: 3/3
   257 | D:1      | Reached XP level 2. HP: 21/23 MP: 3/5
   964 | D:2      | Reached XP level 3. HP: 25/29 MP: 4/6
  1142 | D:1      | Learned a level 3 spell: Spider Form
  1498 | D:2      | Reached XP level 4. HP: 26/36 MP: 5/7
  1674 | D:2      | Reached skill level 1 in Poison Magic
  1912 | D:2      | Noticed Robin
  2005 | D:1      | Killed Robin
  2529 | D:2      | Found a runed translucent door.
  2530 | D:2      | Noticed Crazy Yiuf
  2762 | D:2      | Reached XP level 5. HP: 24/41 MP: 8/8
  3144 | D:3      | Found a runed translucent door.
  3145 | D:3      | Noticed vurker's ghost (amateur OpAE)
  3481 | D:3      | Noticed Sigmund
  3499 | D:3      | Mangled by Sigmund

Illustrated notes

Levels and vault maps discovered:
D:1:      dpeg_arrival_round_b, layout_basic, minmay_cupped
D:2:      minmay_chambers_of_ones, layout_rooms, uniq_crazy_yiuf_cottage,
          uniq_robin
D:3:      layout_basic, ebering_ecumenical_altar_mist, gammafunk_ghost_grave,
          grunt_ministairs_4, uniq_sigmund

Skill      XL: |  1  2  3  4 |
---------------+-------------+-----
Dodging        | 2 |  2.5
Fighting       | 2 |  2.3
Poison Magic   | 1 |  1.7
Unarmed Combat | |  3.6
Spellcasting   | |  2.6
Transmutations | |  2.9

Action                   |  1- 3 |  4- 6 || total
-------------------------+-------+-------++-------
Melee: Unarmed           |   116 |   106 ||   222
       Headbutt          |    15 |    10 ||    25
       Kick              |    10 |     7 ||    17
       Tailslap          |     5 |     7 ||    12
       Punch             |       |     1 ||     1
 Cast: Beastly Appendage |    23 |    17 ||    40
       Spider Form       |       |     2 ||     2
  Use: Scroll            |     3 |     3 ||     6
       Potion            |       |     2 ||     2
 Stab: Sleeping          |       |     1 ||     1
Armor: Skin              |    44 |    45 ||    89
Dodge: Dodged            |   107 |    84 ||   191

Table legend: (Time is in decaauts)
 A = Elapsed time spent in this place.
 B = Non-inter-level travel time spent in this place.
 C = Inter-level travel time spent in this place.
 D = Time resting spent in this place.
 E = Time spent auto-exploring this place.
 F = Levels seen in this place.
 G = Mean time per level.
                   A        B        C        D        E       F      G
               +--------+--------+--------+--------+--------+-----+--------+
         Total |   3491 |   3316 |    175 |    323 |   2386 |   3 | 1163.7 |
       Dungeon |   3491 |   3316 |    175 |    323 |   2386 |   3 | 1163.7 |
               +--------+--------+--------+--------+--------+-----+--------+

Top non-repeatable levels by time:
     D:2: 1862 daAuts
     D:1: 1210 daAuts
     D:3: 419 daAuts
